 Dungeon Crawl Stone Soup version 0.30.0-29-ga12c61a403 (webtiles) character file.

Game seed: 4467681079153288996

608 Senryu the Twirler (level 7, -1/85 HPs)
             Began as a Black Draconian Gladiator on June 24, 2023.
             Was an Initiate of Cheibriados.
             Slain by an orc warrior
             ... wielding the +4 quarterstaff "Durphone" {venom, rElec rF+ Dex-3 SInv}
              (10 damage)
             ... on level 5 of the Dungeon.
             The game lasted 00:12:39 (4287 turns).

Senryu the Twirler (Black Draconian Gladiator)      Turns: 4287, Time: 00:12:40

Health: -1/85      AC: 23    Str: 16    XL:     7   Next: 19%
Magic:  18/18      EV:  2    Int: 10    God:    Cheibriados [......]
Gold:   354        SH:  0    Dex: 18    Spells: 4/9 levels left

rFire   . . .        p - +3 halberd (holy)
rCold   . . .        (shield currently unavailable)
rNeg    . . .        (body armour unavailable)
rPois   +            b - melded +0 hat
rElec   .            (cloak currently unavailable)
rCorr   .            (gloves currently unavailable)
SInv    .            (boots currently unavailable)
Will    .....        (no amulet)
Stlth   ++           n - ring of magical power
HPRegen 0.34/turn    (no ring)
MPRegen 0.16/turn

%: random rage (3%)
@: mighty, brilliant, lethally poisoned (-1 -> -12), short of breath, tree-form,
attractive, hasted, invisible, quick
A: stationary, stasis, torment immunity, boosted hp, (breathe lightning), AC +6,
unfitting armour, (electricity resistance), (cold-blooded), agile 1, berserk 1,
MP-powered wands
a: Renounce Religion


You were on level 5 of the Dungeon.
You worshipped Cheibriados.
Cheibriados was noncommittal.
You were a tree.
You visited 2 branches of the dungeon, and saw 6 of its levels.

You collected 354 gold pieces.

Inventory:

Hand Weapons
 a - a +0 quarterstaff
 p - a +3 halberd of holy wrath (weapon)
Missiles
 d - a javelin
 v - 3 boomerangs (quivered)
Armour
 b - a +0 hat (melded)
Jewellery
 n - a ring of magical power (left branch)
Wands
 c - a wand of flame (15)
Scrolls
 h - 2 scrolls of fear
 j - a scroll of noise
 l - a scroll of butterflies {unknown}
 m - 2 scrolls of magic mapping
 r - 4 scrolls of amnesia {unknown}
 t - a scroll of teleportation
 w - a scroll of enchant armour {unknown}
 y - a scroll of fog {unknown}
Potions
 f - a potion of haste
 o - a potion of attraction
 q - a potion of brilliance
 s - a potion of lignification
 u - a potion of ambrosia


   Skills:
 * Level 3.2 Fighting
 * Level 2.8(4.1) Polearms
 * Level 4.5(4.9) Staves
 * Level 2.5 Throwing
 * Level 3.6 Dodging
 * Level 1.3 Stealth
 * Level 1.6 Spellcasting
 * Level 0.4 Summonings
 * Level 0.4 Necromancy
 * Level 1.3 Translocations
 * Level 1.0 Earth Magic
 * Level 1.5 Invocations
 * Level 1.4 Evocations


You had 4 spell levels left.
You knew the following spells:

 Your Spells              Type           Power      Damage    Failure   Level
a - Blink                 Tloc           10%        N/A       28%         2
b - Sandblast             Erth           8%         2d5       22%         1
c - Summon Small Mammal   Summ           8%         N/A       26%         1
d - Necrotise             Necr           8%         1d4       26%         1

Your spell library contained the following spells:

 Spells                   Type           Power      Damage    Failure   Level
 Apportation              Tloc           10%        N/A       19%         1
 Passwall                 Tmut/Erth      1%         N/A       38%         2
 Stone Arrow              Conj/Erth      4%         3d7       63%         3
 Ozocubu's Armour         Ice            1%         N/A       69%         3
 Manifold Assault         Tloc           5%         N/A       88%         4
 Olgreb's Toxic Radiance  Pois           1%         N/A       97%         4
 Ozocubu's Refrigeration  Ice            0%         4d7       100%        7
 Storm Form               Tmut/Air       0%         N/A       100%        7
 Discord                  Hex            0%         N/A       100%        8
 Ignition                 Fire           0%         3d3       100%        8


Dungeon Overview and Level Annotations

Branches:
Dungeon (5/15)             Temple (1/1) D:4

Altars:
Cheibriados
Elyvilon
Gozag
Qazlal
Ru
Sif Muna
Trog
Uskayaw
Vehumet
Xom
Yredelemnul
Zin
The Shining One

Shops:
D:3 [

Annotations:
D:5 rozman's ghost, novice GnTm


Innate Abilities, Weirdness & Mutations

You are a tree.
Your roots penetrate the ground, keeping you stationary.
You cannot be teleported.
You are immune to unholy pain and torment.
Your maximum health is greatly increased.
Your equipment is partially melded.
((You can breathe wild blasts of lightning.))
((Your glossy black scales are hard. (AC +6)))
You cannot fit into any form of body armour.
((You are resistant to electric shocks. (rElec)))
((You are cold-blooded and may be slowed by cold attacks.))
You are agile. (Dex +4, Str/Int -1)
You sometimes lose your temper in combat.
You expend magic power (3 MP) to strengthen your wands.


Message History

It was a potion of curing.
You feel better.
You feel less invigorated.
The orc warrior hits you but does no damage.
You closely miss the orc warrior.
The orc warrior is moderately wounded.
You closely miss the orc warrior.
The orc warrior is moderately wounded.
The orc warrior hits you but does no damage.
You puncture the orc warrior!
The orc warrior is heavily wounded.
The orc warrior hits you with the +4 quarterstaff "Durphone" {venom, rElec rF+ Dex-3 SInv}.
You are poisoned.
You barely miss the orc warrior.
The orc warrior is heavily wounded.
You feel sick.
The orc warrior hits you with the +4 quarterstaff "Durphone" {venom, rElec rF+ Dex-3 SInv}!
* * * LOW HITPOINT WARNING * * *
You are lethally poisoned!
It was a potion of mutation.
You feel extremely strange.
You feel agile.
You feel a little pissed off.
You feel your magical essence link to the dungeon's wands.
* * * LOW HITPOINT WARNING * * *
You feel sick.
The orc warrior hits you with the +4 quarterstaff "Durphone" {venom, rElec rF+ Dex-3 SInv}.
* * * LOW HITPOINT WARNING * * *
Okay, then.
It was a potion of might.
You feel very mighty all of a sudden.
* * * LOW HITPOINT WARNING * * *
You feel sick.
You slash the orc warrior!
The orc warrior is almost dead.
* * * LOW HITPOINT WARNING * * *
You feel very sick.
The orc warrior hits you but does no damage.
You closely miss the orc warrior.
The orc warrior is almost dead.
* * * LOW HITPOINT WARNING * * *
You feel sick.
The orc warrior hits you with the +4 quarterstaff "Durphone" {venom, rElec rF+ Dex-3 SInv}!
You die...

## #....8.8).....# .##
##.........#### ..#
###........... ..# ####...#..##
..####### ##.##..# #.#.....# ###
#.##..# ......#.###.#### #.##..#
.#..#.#...§.§.§###########.##..#
)..)..#.#..§.§Wo♣.......<......#
...)......§§§§§#########.#####.#
#.....#....§.§§.# #.# #.#
..##..##...§§§§## #.# #.#
####..###..##§## #†# #.# #..#
##.#§§§# #.# #.# #..## ###§§§###
#.# #.## ##<..## #.# #.# #...
#.###.########.#######.# ####


You could see an orc warrior and rozman's ghost (unable to see you).

Vanquished Creatures
  A black bear (D:5)
  A phantom (D:5)
  A jelly (D:5)
  An orc priest (D:3)
  Natasha (thrice) (D:2)
  3 orc wizards
  4 gnolls (D:2)
  An adder (D:2)
  2 shadow imps
  A worm (D:3)
  2 dart slugs (D:4)
  9 orcs
  2 ball pythons
  6 bats
  9 endoplasms
  12 giant cockroaches
  4 goblins
  2 hobgoblins
  11 jackals
  8 kobolds
  3 quokkas
  2 frilled lizards
  6 rats
94 creatures vanquished.

Notes
Turn   | Place    | Note
-------+----------+-------------------------------------------
     0 | D:1      | Senryu the Draconian Gladiator began the quest for the Orb.
     0 | D:1      | Reached XP level 1. HP: 17/17 MP: 1/1
   113 | D:1      | Found a faded altar of an unknown god.
   123 | D:1      | Reached XP level 2. HP: 23/24 MP: 2/2
   144 | D:1      | Prayed at the altar of an unknown god.
   144 | D:1      | Became a worshipper of Elyvilon the Healer
   144 | D:1      | Reached * piety under Elyvilon
   727 | D:2      | Reached XP level 3. HP: 25/29 MP: 3/3
   875 | D:2      | Reached ** piety under Elyvilon
   948 | D:2      | Learned a level 2 spell: Blink
  1328 | D:2      | Noticed Natasha
  1343 | D:2      | Elyvilon protects you from harm!
  1344 | D:2      | HP: 1/29 [cerulean imp/+2 spear[Natasha] (2)]
  1345 | D:2      | Killed Natasha
  1346 | D:2      | Reached XP level 4. HP: 2/37 MP: 5/5
  1491 | D:2      | Learned a level 1 spell: Sandblast
  1507 | D:2      | Reached skill level 4 in Staves
  1631 | D:2      | Noticed Natasha
  1644 | D:2      | Killed Natasha
  1645 | D:2      | Reached skill level 1 in Polearms
  1645 | D:2      | Reached skill level 1 in Spellcasting
  1655 | D:2      | Noticed Natasha
  1661 | D:2      | Killed Natasha
  1662 | D:2      | Reached XP level 5. HP: 32/42 MP: 6/6
  2002 | D:3      | Reached skill level 1 in Stealth
  2002 | D:3      | Reached skill level 1 in Invocations
  2134 | D:3      | Found a stormy altar of Qazlal.
  2165 | D:3      | Found a shimmering altar of Xom.
  2400 | D:3      | Reached XP level 6. HP: 50/50 MP: 7/7
  2476 | D:3      | Found Guykhleca's Antique Armour Shoppe.
  2895 | D:4      | Reached skill level 1 in Evocations
  2962 | D:4      | Reached skill level 1 in Translocations
  3292 | D:4      | Found a staircase to the Ecumenical Temple.
  3302 | Temple   | Entered the Ecumenical Temple
  3387 | Temple   | Fell from the grace of Elyvilon
  3387 | Temple   | Became a worshipper of Cheibriados the Contemplative
  3588 | D:5      | Entered Level 5 of the Dungeon
  3636 | D:5      | Found a hide-covered altar of Uskayaw.
  3680 | D:5      | Found a shimmering blue altar of Sif Muna.
  3772 | D:5      | Learned a level 1 spell: Summon Small Mammal
  3774 | D:5      | Learned a level 1 spell: Necrotise
  3818 | D:5      | Found a basalt altar of Yredelemnul.
  3931 | D:5      | Reached skill level 1 in Earth Magic
  4025 | D:5      | Found a bloodstained altar of Trog.
  4085 | D:5      | Your scales start taking on a glossy black colour.
  4085 | D:5      | Reached XP level 7. HP: 53/57 MP: 9/9
  4085 | D:5      | Gained mutation: You are resistant to electric shocks.
                  | (rElec) [Black Draconian growth]
  4141 | D:5      | Found a runed translucent door.
  4146 | D:5      | Noticed rozman's ghost (novice GnTm)
  4146 | D:5      | Identified the +4 quarterstaff "Durphone" {venom, rElec rF+
                  | Dex-3 SInv}
  4191 | D:5      | Reached skill level 1 in Earth Magic
  4284 | D:5      | Gained mutation: You are agile. (Dex +4, Str/Int -1)
                  | [potion of mutation]
  4284 | D:5      | Gained mutation: You sometimes lose your temper in combat.
                  | [potion of mutation]
  4284 | D:5      | Gained mutation: You expend magic power (3 MP) to
                  | strengthen your wands. [potion of mutation]
  4287 | D:5      | Slain by an orc warrior

Illustrated notes

Levels and vault maps discovered:
D:1:      ldierk_walled_garden_2, layout_loops_ring,
          hellmonk_ecumenical_altar_pennies_from_heaven
D:2:      layout_basic, uniq_natasha
D:3:      minmay_roachtagon, layout_basic, xom_teletrap_fun,
          mainiacjoe_overflow_small_starburst, serial_shops,
          nicolae_shop_temple_entry_statues_fountains,
          minmay_misc_feat_more_columns
D:4:      layout_rooms, lemuel_temple_firewalk_b
D:5:      layout_loops_ring, mainiacjoe_overflow_tiny_flanked,
          yredelemnul_altar_generic, nicolae_uskayaw_dance_hall,
          trog_three_pillars_becter, ebering_ghost_inner_flame
Temple:   nicolae_temple_colour_theory

Skill      XL: |  1  2  3  4  5  6  7 |
---------------+----------------------+-----
Throwing       | 2 |  2.5
Dodging        | 3 |  3.6
Staves         | 4 |  4.5
Polearms       | 1 2 |  2.8
Spellcasting   | 1 |  1.6
Stealth        | 1 |  1.3
Invocations    | 1 |  1.5
Evocations     | 1 |  1.4
Translocations | 1 |  1.3
Earth Magic    | 0 1 |  1.0
Fighting       | 3 |  3.2
Summonings     | |  0.4
Necromancy     | |  0.4

Action                     |  1- 3 |  4- 6 |  7- 9 || total
---------------------------+-------+-------+-------++-------
  Melee: Quarterstaff      |    94 |    21 |       ||   115
         Tailslap          |    14 |    17 |       ||    31
         Halberd           |       |   109 |    14 ||   123
  Throw: Throwing net      |     3 |     4 |       ||     7
         Javelin           |       |     3 |       ||     3
         Boomerang         |       |     6 |     2 ||     8
   Cast: Sandblast         |       |     1 |       ||     1
 Invoke: Heal Other        |       |     7 |       ||     7
Ability: Breathe Lightning |       |       |     3 ||     3
    Use: Scroll            |     4 |     4 |     1 ||     9
         Potion            |       |       |     9 ||     9
   Stab: Sleeping          |     2 |       |       ||     2
         Held in net/web   |       |     1 |       ||     1
 Armour: Skin              |    33 |    48 |     8 ||    89
  Dodge: Dodged            |    81 |   110 |     7 ||   198
